 Dungeon Sprint DCSS version 0.31-a0-675-g238779eb0a (webtiles) character file.

Game seed: 6860310586712618157

10367 sircluck the Brawler (level 11, -47/130 HPs)
             Began as a Troll Berserker on Sept 5, 2023.
             Was a High Priest of Trog.
             Killed from afar by a frost giant (62 damage)
             ... with a bolt of cold
             ... in the Dungeon (Sprint II: "The Violet Keep of Menkaure").
             The game lasted 00:05:02 (624 turns).

sircluck the Brawler (Troll Berserker)               Turns: 624, Time: 00:05:03

Health: -47/130    AC:  4    Str: 34    XL:     11   Next: 35%
Magic:  10/10      EV: 12    Int:  9    God:    Trog [*****.]
Gold:   154        SH:  0    Dex:  7    Spells: 10/10 levels left

rFire   . .          .
                       - Unarmed
rCold   . . .        (no shield)
rNeg    + . .        a - +0 animal skin
rPois   .            (helmet restricted)
rElec   .            (no cloak)
rCorr   .            (gloves unavailable)
SInv    .            (boots unavailable)
Will    .....        i - amulet of regeneration
Stlth   +            k - ring of Coeplued {rN+ Str+3 Int+6 Slay+2}
HPRegen 2.01/turn    (no ring)
MPRegen 0.12/turn

%: no teleportation
@: on berserk cooldown, slowed, unable to read, very slow
A: large, unfitting armour, claws 3, regeneration 1, shaggy fur 1, tough skin 1,
clumsy 1, deterioration 1, subdued magic 2, inability to drink after injury 1,
inability to read after injury 2
a: Renounce Religion, Berserk, Trog's Hand, Brothers in Arms


You were in the Dungeon.
You worshipped Trog.
Trog was extremely pleased with you.
You visited 1 branch You collected 1470 gold pieces.
You spent 1316 gold pieces at shops.

Inventory:

Armour
 a - a +0 animal skin (worn)
Jewellery
 i - an amulet of regeneration (around neck)
 k - the ring of Coeplued (left claw) {rN+ Str+3 Int+6 Slay+2}
   (You bought it in a shop in the Dungeon)

   [ring of intelligence]

   Str+3:     It affects your strength (+3).
   Int+6:     It affects your intelligence (+6).
   Slay+2:    It affects your accuracy & damage with ranged weapons and melee
   (+2).
   rN+:       It protects you from negative energy.
Scrolls
 h - a scroll of revelation
Potions
 b - 2 potions of curing
 d - a potion of haste
 e - 4 potions of magic
 f - a potion of berserk rage
 j - 2 potions of enlightenment


   Skills:
 + Level 14.3 Fighting
 + Level 14.1 Dodging
 + Level 16.5 Unarmed Combat


You had 10 spell levels left.
You didn't know any spells.
Your spell library was empty.

Dungeon Overview and Level Annotations

Branches:
Dungeon (1/1)

Altars:

Shops:
D ((((:*=[?([[:*=[*(*=?:(=!?!

Annotations:
D exclusions: oklob plant and orange crystal statue


Innate Abilities, Weirdness & Mutations

You are too large for most types of armour.
You have claws for hands.
Your natural rate of healing is unusually fast.
You are covered in fur. (AC +1)
You have tough skin. (AC +1)
You are clumsy. (Dex -2)
Your body sometimes deteriorates upon taking damage.
Your spells are easier to cast, but less powerful.
You occasionally lose the ability to drink potions when taking damage.
You sometimes lose the ability to read scrolls when taking damage.


Message History

You feel threatened and lose the ability to read scrolls!
The storm dragon claws you but does no damage.
The storm dragon tramples you.
You hold your ground!
You claw the storm dragon!
The storm dragon is severely wounded.
You scratch the storm dragon but do no damage.
The storm dragon is severely wounded.
The storm dragon bites you! The storm dragon claws you!
* * * LOW HITPOINT WARNING * * *
The storm dragon tramples you.
* * * LOW HITPOINT WARNING * * *
You hold your ground!
You closely miss the storm dragon. You claw the storm dragon!!
The storm dragon is almost dead.
You completely miss the storm dragon. You claw the storm dragon!
You kill the storm dragon!
Trog accepts your kill.
Your Dodging skill increases to level 14!
The frost giant casts a spell at you. The bolt of cold misses you.
The golden dragon breathes cold at you. The bolt of cold hits you!!
* * * LOW HITPOINT WARNING * * *
The bolt of cold hits your troll!!!
You swap places.
You feel a strong urge to attack something.
You are no longer berserk.
You are exhausted.
You feel yourself slow down.
Your troll closely misses the golden dragon.
Your troll claws the golden dragon! x2; The golden dragon bites your troll!
Your troll dies!
Your troll's corpse disappears in a puff of smoke!
You feel much better.
The frost giant gestures at you while chanting.
The bolt of cold hits you!!
* * * LOW HITPOINT WARNING * * *
The frost giant casts a spell at you. The bolt of cold hits you!!!
You die...

###########***********
#......'..#∩∩∩,∩+,+,,**
#....[(#..####***,****,
#'######)##..####+####,
#∩∩∩∩∩∩#..†.##≈§§≈§≈≈##
#∩∩∩∩∩∩#..###§≈≈≈≈§≈§≈#
#########..+≈§≈≈§8§≈§§§
#..D##@..####≈§≈≈≈§≈§§*
#$.2C...)))~##≈§≈§§§≈#*
############~~#+++#+++##
###########~~~.........#
#######........#~~~~.##'##..#
#######...⌠....#~~~~##...##.#
#######..∩.∩...#~~~~#..##.#..
#######.∩.∩.∩..#~~######.####
#######∩.∩.∩.∩.#~##.###'###.#


You could see a frost giant (empowered) and a cacodemon.

Vanquished Creatures
  A bone dragon (D)
  A storm dragon (D)
  A yaktaur captain (D)
  A great orb of eyes (D)
  A centaur warrior (D)
  A death yak (D)
  A skeletal warrior (D)
  A slime creature (D)
  3 shining eyes (D)
  An elephant (D)
  A kobold demonologist (D)
  2 wyverns (D)
  A vampire mosquito (D)
  4 neqoxecs (D)
  A water moccasin (D)
  5 necrophages (D)
  4 scorpions (D)
  An iron imp (D)
  A spectral ball python (D)
  A spectral quokka (D)
33 creatures vanquished.

Vanquished Creatures (others)
  Kirke (D)
  Menkaure (D)
  A water moccasin (D)
3 creatures vanquished.

Grand Total: 36 creatures vanquished

Notes
Turn   | Place    | Note
-------+----------+-------------------------------------------
     0 | D        | sircluck the Troll Berserker began the quest for the Orb.
     0 | D        | Reached XP level 1. HP: 22/22 MP: 0/0
     1 | D        | Noticed a neqoxec
     1 | D        | Noticed a neqoxec
     4 | D        | Noticed a neqoxec
     8 | D        | Killed a water moccasin
     9 | D        | Gained mutation: You occasionally lose the ability to drink
                  | potions when taking damage. [a neqoxec]
    10 | D        | Killed a neqoxec
    11 | D        | Reached skill level 5 in Fighting
    11 | D        | Reached skill level 5 in Dodging
    11 | D        | Reached skill level 6 in Unarmed Combat
    11 | D        | Reached XP level 2. HP: 35/35 MP: 1/1
    11 | D        | Reached XP level 3. HP: 42/42 MP: 2/2
    11 | D        | Reached XP level 4. HP: 50/50 MP: 3/3
    19 | D        | Killed a neqoxec
    20 | D        | Reached skill level 7 in Unarmed Combat
    20 | D        | Reached XP level 5. HP: 61/61 MP: 4/4
    27 | D        | Killed a neqoxec
    27 | D        | Reached ** piety under Trog
    28 | D        | Reached skill level 8 in Unarmed Combat
    28 | D        | Reached XP level 6. HP: 47/71 MP: 5/5
    30 | D        | Noticed an orange crystal statue
    36 | D        | Killed Menkaure
    38 | D        | Noticed a water moccasin
    38 | D        | Noticed a neqoxec
    44 | D        | Killed a water moccasin
    45 | D        | Reached skill level 9 in Unarmed Combat
    48 | D        | Killed a neqoxec
    49 | D        | Reached XP level 7. HP: 40/80 MP: 6/6
    50 | D        | Found Woruumac's Distillery.
    51 | D        | Found Senat's Distillery.
    51 | D        | Found Tastyrphi's Magic Scroll Boutique.
    52 | D        | Found Qariraew's Weapon Boutique.
    52 | D        | Found Puwonac's Jewellery Shop.
    52 | D        | Gained mutation: Your spells are a little easier to cast,
                  | but a little less powerful. [mutagenic glow]
    53 | D        | Found Xeguwkir's Assorted Antiques.
    53 | D        | Found Ykahuh's Jewellery Boutique.
    54 | D        | Found Banluis's Antique Armour Shop.
    55 | D        | Found Miliar's Book Shop.
    55 | D        | Found Cuipsadd's Antique Armour Boutique.
    55 | D        | Noticed a wyvern
    55 | D        | Noticed a wyvern
    65 | D        | Reached *** piety under Trog
    68 | D        | Reached skill level 10 in Unarmed Combat
    92 | D        | Noticed a vampire mosquito
    98 | D        | Killed a vampire mosquito
    98 | D        | Reached **** piety under Trog
   126 | D        | Reached XP level 8. HP: 45/92 MP: 7/7
   141 | D        | HP: 4/92 [necrophage (5)]
   145 | D        | Reached skill level 11 in Unarmed Combat
   223 | D        | Reached ***** piety under Trog
   248 | D        | Noticed a cane toad
   263 | D        | Found Loweg's Magic Scroll Shop.
   263 | D        | Found Nemeah's Armour Boutique.
   263 | D        | Noticed an oklob plant
   263 | D        | Noticed a cane toad
   264 | D        | Found Wynwamn's Weapon Shop.
   264 | D        | Found Nuakk's Antique Weapon Boutique.
   264 | D        | Found Seut's Book Shoppe.
   266 | D        | Bought a scroll of revelation for 75 gold pieces
   271 | D        | Bought an amulet of regeneration for 300 gold pieces
   289 | D        | Bought a scroll of revelation for 75 gold pieces
   319 | D        | Noticed an elephant
   319 | D        | Noticed a centaur warrior
   319 | D        | Noticed Kirke
   319 | D        | Noticed a kobold demonologist
   319 | D        | Noticed a yaktaur captain
   319 | D        | Noticed a skeletal warrior
   325 | D        | Killed a yaktaur captain
   326 | D        | Reached skill level 10 in Fighting
   326 | D        | Reached skill level 10 in Dodging
   326 | D        | Reached skill level 12 in Unarmed Combat
   326 | D        | Reached XP level 9. HP: 102/102 MP: 8/8
   328 | D        | Killed a skeletal warrior
   335 | D        | Killed a kobold demonologist
   336 | D        | Reached skill level 13 in Unarmed Combat
   340 | D        | Killed an elephant
   346 | D        | Noticed a manticore
   350 | D        | Killed Kirke
   351 | D        | Reached skill level 14 in Unarmed Combat
   351 | D        | Reached XP level 10. HP: 90/115 MP: 9/9
   361 | D        | Killed a centaur warrior
   410 | D        | Noticed a shining eye
   410 | D        | Noticed a shining eye
   410 | D        | Noticed a shining eye
   410 | D        | Gained mutation: You occasionally lose the ability to read
                  | scrolls when taking damage. [a shining eye]
   410 | D        | Gained mutation: You are clumsy. (Dex -2) [a shining eye]
   411 | D        | Gained mutation: Your spells are easier to cast, but less
                  | powerful. [a shining eye]
   413 | D        | Gained mutation: You sometimes lose the ability to read
                  | scrolls when taking damage. [a shining eye]
   414 | D        | Killed a shining eye
   416 | D        | Killed a shining eye
   417 | D        | Reached skill level 15 in Unarmed Combat
   417 | D        | Gained mutation: Your body sometimes deteriorates upon
                  | taking damage. [a shining eye]
   418 | D        | Killed a shining eye
   418 | D        | Reached ****** piety under Trog
   418 | D        | Received a gift from Trog
   448 | D        | Noticed a great orb of eyes
   448 | D        | Noticed a death yak
   458 | D        | Killed a death yak
   467 | D        | Killed a great orb of eyes
   468 | D        | Reached XP level 11. HP: 64/127 MP: 10/10
   489 | D        | Found Faycini's Antique Weapon Emporium.
   489 | D        | Found Quthawk's Assorted Antiques.
   489 | D        | Found Asakean's Weapon Shop.
   489 | D        | Found Lyeviana's Jewellery Shoppe.
   489 | D        | Found Jeteceso's Antique Armour Boutique.
   490 | D        | Found Howaenn's Weapon Shoppe.
   490 | D        | Found Yngih Oph's Assorted Antiques.
   490 | D        | Found Leowoifo's General Store.
   490 | D        | Found Tebuyz's Magic Scroll Shop.
   490 | D        | Found Imukoe's Jewellery Emporium.
   490 | D        | Found Hunosus's Weapon Shop.
   490 | D        | Found Gepnoshu's Book Shoppe.
   584 | D        | Bought the ring of Coeplued {rN+ Str+3 Int+6 Slay+2} for
                  | 866 gold pieces
   600 | D        | Noticed a storm dragon
   601 | D        | Noticed a golden dragon
   601 | D        | Noticed a frost giant
   601 | D        | Noticed a deep elf high priest
   601 | D        | Noticed a bone dragon
   601 | D        | Noticed a cacodemon
   613 | D        | Killed a bone dragon
   614 | D        | Reached skill level 16 in Unarmed Combat
   620 | D        | Killed a storm dragon
   624 | D        | Killed from afar by a frost giant

Illustrated notes

Levels and vault maps discovered:
D:        the_violet_keep_of_menkaure [sprint2_stairs_cluster_1,
          sprint2_shoproom, sprint2_temple, sprint2_basic_supplies,
          sprint2_obstacle_5, sprint2_obstacle_1, sprint2_obstacle_4,
          sprint2_obstacle_3, sprint2_obstacle_7, sprint2_timed_cluster_1,
          sprint2_smallroom_cluster_1, sprint2_smallroom_final_cluster_1,
          sprint2_transparent_cluster_1, sprint2_second_timed_cluster_1,
          sprint2_sniper_area_1, sprint2_heavy_combat_area_1,
          sprint2_mutation_trap_area_1, sprint2_forest_area_1,
          sprint2_light_combat_area_1, sprint2_behind_water_1,
          sprint2_near_end_vault_1]

Skill      XL: |  1  2  3  4  5  6  7  8  9 10 11 |
---------------+----------------------------------+-----
Fighting       | 5 6 7 8 9 10 12 13 14 | 14.3
Dodging        | 5 6 7 8 9 10 11 13 14 | 14.1
Unarmed Combat | 6 7 8 9 10 12 14 15 16 | 16.5

Action                     |  1- 3 |  4- 6 |  7- 9 | 10-12 || total
---------------------------+-------+-------+-------+-------++-------
  Melee: Unarmed           |     8 |    25 |    65 |    53 ||   151
         Punch             |       |       |     3 |     9 ||    12
 Invoke: Berserk           |     1 |       |     1 |     1 ||     3
         Brothers in Arms  |       |       |     1 |     1 ||     2
    Use: Scroll            |       |       |     1 |     1 ||     2
         Potion            |       |       |       |     2 ||     2
 Armour: Animal skin       |     3 |    13 |    43 |    38 ||    97
         Skin              |       |       |     4 |       ||     4
  Dodge: Dodged            |       |     8 |    34 |    11 ||    53

Table legend: (Time is in decaauts)
 A = Elapsed time spent in this place.
 B = Non-inter-level travel time spent in this place.
 C = Inter-level travel time spent in this place.
 D = Time resting spent in this place.
 E = Time spent auto-exploring this place.
 F = Levels seen in this place.
 G = Mean time per level.
                   A        B        C        D        E       F      G
               +--------+--------+--------+--------+--------+-----+--------+
         Total |    636 |    606 |     30 |    145 |     64 |   1 |  636.0 |
       Dungeon |    636 |    606 |     30 |    145 |     64 |   1 |  636.0 |
               +--------+--------+--------+--------+--------+-----+--------+

Top non-repeatable levels by time:
       D: 636 daAuts
